 Dungeon Crawl Stone Soup version 0.31.0-9-g3a7656b989 (webtiles) character file.

Game seed: 18136759714234364767

0 qw the Shooter (level 1, 0/12 HPs)
             Began as a Deep Elf Hunter on Feb 2, 2024.
             Slain by a gnoll
             ... wielding a +0 spear
              (9 damage)
             ... on level 1 of the Dungeon.
             The game lasted 00:00:00 (19 turns).

qw the Shooter (Deep Elf Hunter)                      Turns: 19, Time: 00:00:00

Health: 0/12       AC:  3    Str:  8    XL:     1   Next: 8%
Magic:  3/3        EV: 12    Int: 13    God:
Gold:   0          SH:  0    Dex: 18    Spells: 0/0 levels left

rFire   . . .        a - +0 shortbow
rCold   . . .        (shield currently unavailable)
rNeg    . . .        c - +0 leather armour
rPois   .            (no helmet)
rElec   .            (no cloak)
rCorr   .            (no gloves)
SInv    .            (no boots)
Will    .....        (no amulet)
Stlth   ++           (no ring)
HPRegen 0.22/turn    (no ring)
MPRegen 0.08/turn

%: no passive effects
@: no status effects
A: no striking features
a: no special abilities


You were on level 1 of the Dungeon.
You visited 1 branch of the dungeon, and saw 1 of its levels.


   Skills:
 - Level 1.5 Fighting
 + Level 5.3 Ranged Weapons
 - Level 2.4 Dodging
 - Level 1.2 Stealth


You couldn't memorise any spells.
You didn't know any spells.
Your spell library was empty.

Inventory:

Hand Weapons
 a - a +0 shortbow (weapon)
Armour
 c - a +0 leather armour (worn)
Scrolls
 b - a scroll of butterflies

Dungeon Overview and Level Annotations

Branches:
Dungeon (1/15)

Altars:


Message History

Welcome, qw the Deep Elf Hunter.
Will you prevail where others failed? Will you find the Orb of Zot?
Press ? for a list of commands and other information.
Found a staircase leading out of the dungeon.
Waypoint 0 assigned to D:1.
0 ||| PLANNING D:1-11 A gnoll comes into view.
It is wielding a +0 spear.
The gnoll shouts!
You hear a shout!
A goblin comes into view. It is wielding a +0 dagger.
The gnoll hits the plant with a +0 spear.
The plant begins to die.
The rat bites the plant.
The plant begins to die.
The gnoll hits the plant with a +0 spear!
The gnoll hits the plant with a +0 spear!
The rat bites the plant.
A nearby plant withers and dies.
The rat bites the plant.
The rat bites the plant.
The plant begins to die.
The gnoll hits the plant with a +0 spear.
The plant begins to die.
A hobgoblin comes into view.
The rat bites the plant.
The gnoll hits the plant with a +0 spear!
A nearby plant withers and dies.
The gnoll hits the plant with a +0 spear.
The plant begins to die.
The gnoll hits the plant with a +0 spear.
The plant begins to die.
You shoot an arrow. The arrow hits the rat.
You kill the rat!
A nearby plant withers and dies. x2
The gnoll hits the plant with a +0 spear.
A nearby plant withers and dies.
The hobgoblin hits the plant.
The plant begins to die.
You see here a rat corpse.
The gnoll hits you from afar with a +0 spear.
A nearby plant withers and dies.
The gnoll hits you from afar with a +0 spear!
Ouch! That really hurt!
You die...

...... .....#..#..#
......###....#.$...
...................


PPPPPPPPPPPPPPPP# PPPPP..<..PPPPPP# PPP..PPPPP..PPPP# PP.PPP...PPP.PPP#
PP.PP.PPP.PP.PPP# P.PP.PP.PP..P@PP# P.P.PP.P.PP...PP# P.P.P.PPP.P.P.g.#
P.P.PP.P.PP.P..g.. P.PP.PP.PP.PP#.. .PPP.PP.PPP#.... P...PPP.PPP# ...
PPPP..PPPP# .. You could see a gnoll and a hobgoblin.

Vanquished Creatures
  A rat (D:1)
1 creature vanquished.

Notes
Turn   | Place    | Note
-------+----------+-------------------------------------------
     0 | D:1      | qw the Deep Elf Hunter began the quest for the Orb.
     0 | D:1      | Reached XP level 1. HP: 12/12 MP: 3/3
     0 | D:1      | 0 ||| qw: Version: 0.3-a-155-g5e7d8dd
     0 | D:1      | 0 ||| qw: Game counter: 1347
     0 | D:1      | 0 ||| qw: Melee chars always use a shield: true
     0 | D:1      | 0 ||| qw: God list: Okawaru
     0 | D:1      | 0 ||| qw: Allow faded altars: false
     0 | D:1      | 0 ||| qw: Do Orc after clearing Dungeon:15 true
     0 | D:1      | 0 ||| qw: Do second Lair branch before Depths: true
     0 | D:1      | 0 ||| qw: Lair rune preference: random
     0 | D:1      | 0 ||| qw: Goals: Normal
     0 | D:1      | 0 ||| PLANNING D:1-11
    19 | D:1      | Slain by a gnoll

Levels and vault maps discovered:
D:1:      roderic_crop_circles_arrival_small, layout_rooms, serial_shops, shop,
          shop, shop, serial_glass, glass_columns_a, glass_columns_b

Action                     || total
---------------------------++-------
   Fire: Shortbow          ||     1
 Armour: Leather armour    ||     2

Table legend:
 A = Non-vault XP
 B = Vault XP
 C = Vault XP percentage of total XP
 D = Non-vault monster count
 E = Vault monster count
 F = Vault count percentage of total count
                 A         B        C        D         E       F
            +---------+---------+-------+---------+---------+-------
      Total |       1 |       0 |   0.0 |       1 |       0 |   0.0
            +---------+---------+-------+---------+---------+-------
        D:1 |       1 |       0 |   0.0 |       1 |       0 |   0.0
            +---------+---------+-------+---------+---------+-------
